 Dungeon Crawl Stone Soup version 0.16-a0-3212-g68818ff (console) character file.

3346 Fusha the Schismatic (level 9, -3/68 HPs)
             Began as a Mummy Abyssal Knight on Dec 19, 2014.
             Was an Elder of Lugonu.
             Slain by a centaur (5 damage)
             ... on level 9 of the Dungeon.
             The game lasted 00:54:54 (11556 turns).

Fusha the Schismatic (Mummy Abyssal Knight)        Turns: 11556, Time: 00:54:54

Health: -3/68      AC: 10    Str: 18    XL:     9   Next: 72%
Magic:  17/20      EV: 12    Int: 15    God:    Lugonu [****..]
Gold:   355        SH:  0    Dex: 11    Spells: 0 memorised, 8 levels left

rFire  x . .     SeeInvis .     m - +0 halberd
rCold  + . .     Clarity  .     b - +0 leather armour
rNeg   + + +     SustAb   .     (no shield)
rPois  ∞         Gourm    .     l - +0 helmet
rElec  .         Spirit   .     (no cloak)
rCorr  .         Warding  .     z - +0 pair of gloves
rMut   +         Stasis   .     p - +0 pair of boots
MR     +....                    w - amulet of resist mutation
Stlth  +.........               i - +4 ring of intelligence
                                o - +4 ring of protection

@: somewhat resistant to hostile enchantments, very unstealthy
A: no food or potions, fire vulnerability, restore body, cold resistance 1,
negative energy resistance 3, poison resistance, torment resistance, unbreathing
a: Depart the Abyss, Bend Space, Banish, Corrupt, Renounce Religion


You were on level 9 of the Dungeon.
You worshipped Lugonu.
Lugonu was greatly pleased with you.
You were not hungry.

You visited 1 branch of the dungeon, and saw 9 of its levels.
You visited the Abyss 1 time.

You collected 355 gold pieces.

Inventory:

Hand weapons
 a - a +1 spear
 m - a +0 halberd (weapon)
 v - a +2 trident
Missiles
 h - 107 stones
 q - 4 tomahawks (quivered)
Armour
 b - a +0 leather armour (worn)
 e - a +0 scale mail
 l - a +0 helmet (worn)
 p - a +0 pair of boots (worn)
 z - a +0 pair of gloves (worn)
Jewellery
 c - an uncursed ring of wizardry
 i - a +4 ring of intelligence (right hand)
 o - a +4 ring of protection (left hand)
 t - an uncursed amulet of resist corrosion
 w - an amulet of resist mutation (around neck)
Magical devices
 r - a wand of fire (5)
Scrolls
 d - a scroll of amnesia
 f - 5 scrolls of remove curse
 g - 2 scrolls of noise
 j - 2 scrolls of recharging
 k - a scroll of teleportation
 n - 3 scrolls of random uselessness {unknown}
 s - 2 scrolls of immolation
 u - 2 scrolls of enchant weapon {unknown}
 x - a scroll of magic mapping {unknown}
 A - a scroll of brand weapon {unknown}
Books
 y - a book of Annihilations {highlevel, unknown}

   This book is beyond your current level of understanding.

   Spells                             Type                      Level
   a - Poison Arrow                   Conjuration/Poison           6
   b - Chain Lightning                Conjuration/Air              8
   c - Lehudib's Crystal Spear        Conjuration/Earth            8
   d - Glaciate                       Conjuration/Ice              9
   e - Fire Storm                     Conjuration/Fire             9


   Skills:
 - Level 5.0 Fighting
 * Level 7.6 Polearms
 - Level 1.5 Armour
 + Level 3.5 Dodging
 * Level 8.2 Invocations


You had 8 spell levels left.
You didn't know any spells.

Dungeon Overview and Level Annotations

Branches:
Dungeon (9/15)             Temple (0/1) D:6
   Lair: D:8-11         Orc: D:9-12

Altars:
Ashenzari
Fedhas
Gozag
Makhleb
Nemelex Xobeh
Okawaru
Qazlal
Ru
Sif Muna
Yredelemnul
Zin

Shops:
D:4 %=:(%   D:6 !

Annotations:
Abyss:1 Erolcha


Innate Abilities, Weirdness & Mutations

You do not eat or drink.
Your flesh is vulnerable to fire.
Your flesh is cold resistant.
You are immune to negative energy.
Your system is resistant to poisons.
You are immune to unholy pain and torment.
You can survive without breathing.


Message History

The centaur closely misses you.
You hit the centaur.
The centaur is severely wounded.
The centaur hits you but does no damage.
The centaur hits you.
* * * LOW HITPOINT WARNING * * *
You barely miss the centaur.
The centaur is severely wounded.
The centaur hits you.
* * * LOW HITPOINT WARNING * * *
The centaur hits you but does no damage.
You hit the centaur but do no damage.
The centaur is severely wounded.
The centaur hits you but does no damage.
You closely miss the centaur.
The centaur is severely wounded.
The centaur hits you.
* * * LOW HITPOINT WARNING * * *
The centaur hits you.
You die...

#.........# ..
#.........##+#+###...
#.........#............#
#.............<........####
+...........................
#...................>........
######'#>...'#'#######........
#.#....'.......##........
#)#....##.>@.#.##....F...
#.#....#####c# +.........
#.#....# #.####(........
###.##########..(().........
#...........###############
#.#########.# ... #.###### #.#
#......# #.# ... #......# #.#


You could see a centaur.

Vanquished Creatures
  A spriggan (D:7)
  2 hippogriffs
  A necrophage (D:5)
  A centaur (D:5)
  2 crocodiles (D:8)
  2 giant frogs
  5 killer bees (D:7)
  3 wights (D:6)
  3 crimson imps
  4 jellies
  A giant frog zombie (D:9)
  4 goliath beetles
  2 hounds
  2 giant frog skeletons
  2 iguanas
  2 orc priests
  7 orc wizards
  A quasit (D:7)
  4 worker ants
  Ijyb (D:4)
  Jessica (D:2)
  A hound zombie (D:6)
  2 hound skeletons
  Robin (D:2)
  A gnoll (D:2)
  9 adders
  5 worms
  8 giant geckos
  24 orcs
  A ball python (D:1)
  13 hobgoblins
  4 jackals
  A quokka (D:7)
  14 bats
  4 giant cockroaches
  5 giant newts
  20 goblins
  7 kobolds
  A quokka skeleton (D:6)
  13 rats
  19 ballistomycetes (D:7)
204 creatures vanquished.

Vanquished Creatures (others)
  A troll (D:9)
  A hippogriff (D:7)
  3 orc warriors
  A phantom (D:4)
  An ogre (D:7)
  A scorpion (D:9)
  A wyvern skeleton (D:7)
  5 giant spores (D:7)
  2 ballistomycetes (D:7)
16 creatures vanquished.

Grand Total: 220 creatures vanquished

Notes
Turn   | Place    | Note
--------------------------------------------------------------
     0 | Abyss:1  | Fusha, the Mummy Abyssal Knight, began the quest for the Orb.
     0 | Abyss:1  | Reached XP level 1. HP: 18/18 MP: 1/1
    59 | Abyss:1  | Noticed a large abomination
    97 | Abyss:1  | Noticed a chaos spawn
   101 | D:1      | Escaped the Abyss
   283 | D:1      | Reached skill level 1 in Dodging
   319 | D:1      | Acquired Lugonu's first power
   372 | D:1      | Reached XP level 2. HP: 24/24 MP: 2/2
   992 | D:2      | Reached XP level 3. HP: 27/29 MP: 3/3
  1002 | D:2      | Noticed Robin
  1026 | D:2      | Acquired Lugonu's second power
  1535 | D:2      | Killed Robin
  1545 | D:2      | Reached XP level 4. HP: 10/35 MP: 5/5
  1969 | D:2      | HP: 1/36 [gnoll/halberd (1)]
  2462 | D:2      | Noticed Jessica
  2479 | D:2      | Killed Jessica
  2960 | D:3      | Reached XP level 5. HP: 34/42 MP: 7/7
  3176 | D:3      | Acquired Lugonu's third power
  3768 | D:4      | Noticed Ijyb
  3784 | D:4      | Killed Ijyb
  3784 | D:4      | Reached skill level 4 in Fighting
  3800 | D:4      | Found a sacrificial altar of Ru.
  3843 | D:4      | Found Ijaelaj's Food Emporium.
  4009 | D:4      | Found Naoheuxuche's Antique Weapon Boutique.
  4067 | D:4      | Found Sanuwk's Jewellery Shoppe.
  4153 | D:4      | Found a glowing silver altar of Zin.
  4191 | D:4      | Found a deep blue altar of Sif Muna.
  4208 | D:4      | Noticed a phantom
  4386 | D:4      | Found Thaufa's Book Shoppe.
  4423 | D:4      | Found Pobeab's Food Emporium.
  4530 | D:4      | Banished a phantom
  4530 | D:4      | Reached XP level 6. HP: 48/48 MP: 10/10
  4635 | D:5      | Entered Level 5 of the Dungeon
  4924 | D:5      | Reached XP level 7. HP: 55/55 MP: 12/12
  5114 | D:5      | Found a burning altar of Makhleb.
  5290 | D:5      | Found a sparkling altar of Nemelex Xobeh.
  5291 | D:5      | Found a basalt altar of Yredelemnul.
  6096 | D:5      | Reached skill level 5 in Fighting
  6272 | D:6      | Acquired Lugonu's fourth power
  6281 | D:6      | Found a shattered altar of Ashenzari.
  6337 | D:6      | Reached skill level 5 in Invocations
  6427 | D:6      | HP: 1/56 [goliath beetle (16)]
  6752 | D:6      | Reached skill level 5 in Polearms
  6752 | D:6      | Reached XP level 8. HP: 53/62 MP: 15/15
  6833 | D:6      | Found Dujas' Distillery.
  6845 | D:6      | Found a staircase to the Ecumenical Temple.
  7008 | D:6      | Found an iron altar of Okawaru.
  7569 | D:7      | Found an opulent altar of Gozag.
  7660 | D:7      | Found a blossoming altar of Fedhas.
  7686 | D:7      | Reached skill level 6 in Invocations
  7748 | D:7      | HP: 1/62 [killer bee (6)]
  8089 | D:7      | Found a blossoming altar of Fedhas.
  9591 | D:7      | Found a deep blue altar of Sif Muna.
  9640 | D:7      | Reached skill level 7 in Invocations
  9640 | D:7      | Reached XP level 9. HP: 41/68 MP: 19/19
  9864 | D:8      | Noticed Erolcha
  9865 | D:8      | Banished Erolcha
  9926 | D:8      | Found a stormy altar of Qazlal.
 11190 | D:9      | Reached skill level 8 in Invocations
 11556 | D:9      | HP: 2/68 [centaur (2)]
 11556 | D:9      | Slain by a centaur

Action                   |  1- 3 |  4- 6 |  7- 9 || total
-------------------------+-------+-------+-------++-------
Melee: Spear             |   165 |    33 |       ||   198
       Halberd           |       |   250 |   283 ||   533
       Trident           |       |       |   422 ||   422
Throw: Stone             |     5 |     4 |       ||     9
       Tomahawk          |       |     2 |     1 ||     3
Invok: Depart the Abyss  |     1 |       |       ||     1
       Banish            |       |     1 |    11 ||    12
  Use: Scroll            |       |       |     9 ||     9
 Stab: Sleeping          |       |       |     2 ||     2
